AoeStats
← ElDarko

Arabia

509399070Analyzed
1v1 RM · 5d ago on Sep 26, 2026· 57m 30s· 2 players
Game mode
Random Map
Map size
Tiny (2 player)
Population
200
Speed
Normal
Resources
Standard
Victory
Conquest
Starting age
Dark Age
Ending age
Imperial Age
RankedLock teamsTeams togetherTeam positionsShared explorationLock speedFull tech treeHidden civsTurbo modeCheats
Victory
Defeat
🇦🇷 Magyars · Argentina
410
+14
🇩🇪 Persians · Germany
360
-14
Bee a wear off wasp
8:49 Feudal Age
10:46 Wheelbarrow
10:43 Loom
21:27 Town Watch
22:39 Bloodlines
26:03 Scale Mail Armor
29:25 Castle Age
30:02 Husbandry
30:14 Scale Barding Armor
30:59 Forging
38:30 Hand Cart
39:23 Chain Barding Armor
39:39 Iron Casting
39:20 Chain Mail Armor
38:56 Fletching
43:41 Pikeman
44:22 Squires
49:14 Imperial Age
51:28 Halberdier
55:07 Cavalier
ElDarko
11:43 Feudal Age
10:36 Loom
25:00 Castle Age
28:27 Padded Archer Armor
29:12 Double-Bit Axe
30:01 Leather Archer Armor
30:20 Scale Barding Armor
32:47 Corvinian Army
34:46 Pikeman
39:25 Thumb Ring
40:07 Ballistics
45:09 Imperial Age
43:27 Horse Collar
46:06 Halberdier
49:18 Ring Archer Armor
48:39 Fletching
49:10 Chain Barding Armor
48:51 Scale Mail Armor
52:35 Parthian Tactics
51:31 Heavy Cavalry Archer
Connection lost

Rejoining the realm…

Still unreachable

The connection could not be restored.

Session expired

The server has moved on; the page needs a fresh start.